 Dungeon Crawl Stone Soup version 0.19.4-8-ga85b6b9 (webtiles) character file.

597 danebombitumenja the Archer (level 7, -10/60 HPs)
             Began as a Centaur Hunter on Feb 12, 2017.
             Mangled by an orc warrior
             ... wielding a +0 hand axe
              (14 damage)
             ... on level 4 of the Dungeon.
             The game lasted 00:12:35 (5684 turns).

danebombitumenja the Archer (Centaur Hunter)        Turns: 5684, Time: 00:12:35

Health: -10/60     AC:  9    Str: 16    XL:     7   Next: 17%
Magic:  7/7        EV:  4    Int: 10    God:
Gold:   143        SH:  0    Dex: 10    Spells: 0 memorised, 6 levels left

rFire  . . .     SeeInvis .     b - +4 quarterstaff (chaos)
rCold  . . .     Gourm    .     p - +0 chain mail
rNeg   + . .     Faith    .     (shield currently unavailable)
rPois  .         Spirit   .     (no helmet)
rElec  .         Reflect  .     C - +0 cloak
rCorr  .         Harm     .     A - +0 pair of gloves
MR     .....                    (no barding)
Stlth  ..........               g - amulet of magic regeneration
                                (no ring)
                                x - ring of positive energy

@: very quick
A: hooves 3, deformed body, speed 2, tough skin 3
a: no special abilities


You were on level 4 of the Dungeon.
You were not hungry.

You visited 1 branch of the dungeon, and saw 4 of its levels.

You collected 143 gold pieces.

Inventory:

Hand Weapons
 a - a +1 shortbow
 b - a +4 quarterstaff of chaos (weapon)
Missiles
 d - 54 arrows
 n - 20 bolts
Armour
 p - a +0 chain mail (worn)
 A - a +0 pair of gloves (worn)
 C - a +0 cloak (worn)
Jewellery
 g - an amulet of magic regeneration (around neck)
 v - an uncursed ring of fire
 x - a ring of positive energy (left hand)
 z - an uncursed ring of flight
Scrolls
 k - a scroll of teleportation
 l - a scroll of noise
 m - a scroll of identify
 t - a scroll of amnesia {unknown}
 u - a scroll of fear
 w - a scroll of magic mapping {unknown}
 y - a scroll of enchant armour {unknown}
Potions
 c - a potion of heal wounds
 e - 4 potions of curing {unknown}
 h - 2 potions of magic {unknown}
 o - 2 potions of might {unknown}
 r - a potion of agility {unknown}
 B - a potion of flight {unknown}
 D - a potion of brilliance {unknown}
 E - a potion of mutation {unknown}
 G - 2 potions of resistance {unknown}
Books
 j - a book of Cantrips

   Spells                             Type                      Level
   a - Confusing Touch                Hexes                        1
   b - Animate Skeleton               Necromancy                   1
   c - Summon Small Mammal            Summoning                    1
   d - Apportation                    Translocation                1
 q - a book of Changes

   Spells                             Type                      Level
   a - Beastly Appendage              Transmutation                1
   b - Sticks to Snakes               Transmutation                2
   c - Spider Form                    Transmutation/Poison         3
   d - Ice Form                       Ice/Transmutation            4
   e - Blade Hands                    Transmutation                5
Comestibles
 f - 2 bread rations
 i - a beef jerky
 s - a royal jelly
 F - 5 fruits


   Skills:
 + Level 4.8 Fighting
 * Level 9.8 Bows
 - Level 1.3 Dodging
 - Level 0.4 Stealth


You had 6 spell levels left.
You didn't know any spells.

Dungeon Overview and Level Annotations

Branches:
Dungeon (4/15)
 Temple: D:4-7

Altars:
Ashenzari
Dithmenos
Hepliaklqana
Sif Muna
Uskayaw
Yredelemnul


Innate Abilities, Weirdness & Mutations

You have hooves in place of feet.
Armour fits poorly on your strangely shaped body.
You cover ground very quickly.
You have extremely tough skin. (AC +3)


Message History

There is a stone staircase leading up here.
You barely miss the orc warrior.
The orc warrior hits you with a hand axe.
You hit the orc warrior.
The orc warrior is lightly wounded.
The orc warrior hits you with a hand axe. x2
You sock the orc warrior!
The orc warrior goes berserk!
Your kick misses the orc warrior.
The orc warrior is severely wounded.
The orc warrior hits you with a hand axe!!
You sock the orc warrior!
You feel better.
You kick the orc warrior, but do no damage.
The orc warrior is almost dead.
The orc warrior hits you with a hand axe!!
* * * LOW HITPOINT WARNING * * *
The orc warrior hits you with a hand axe!
* * * LOW HITPOINT WARNING * * *
Unknown command.
The orc warrior hits you with a hand axe!
You die...

▒▒▒▒▒▒▒·▒ ▒▒··▒▒▒▒··▒▒▒····▒▒··
········▒ ······▒······▒·<···▒···
········▒·······▒······▒·····▒···
········▒·······▒······▒<···<▒···
···▒▒▒▒▒▒▒·····▒▒▒····▒▒·····▒▒··
···▒▒·▒▒▒▒·····▒▒▒····▒▒·····▒▒··
···············▒·················
···············▒···········>·····
··············[▒@o···············
···▒▒·▒♣▒▒···▒▒▒▒··▒▒▒▒▒▒▒▒▒▒▒▒·)
▒▒▒▒▒·≈≈♣▒···▒▒▒▒··▒▒·▒▒▒▒···▒▒··
···▒·♣≈≈≈≈··············▒·····▒··
···▒·♣≈≈≈♣··············▒·····▒··
·····♣≈≈≈P♣·············▒·····▒··
·····≈≈≈≈≈♣▒▒▒▒·········▒·····▒··
·♣···≈≈≈≈≈♣··▒▒·)··▒▒···▒▒···▒▒··
♣≈···≈≈≈≈P≈··▒▒)···▒▒···▒▒···▒▒··


You could see an orc warrior (berserk).

Vanquished Creatures
  An ogre (D:4)
  3 scorpions (D:4)
  A howler monkey (D:4)
  A hound (D:4)
  A bullfrog skeleton (D:4)
  Crazy Yiuf (D:3)
  An iguana (D:4)
  2 orc wizards
  5 adders
  A worm (D:4)
  4 dart slugs
  3 leopard geckos
  15 orcs
  8 giant cockroaches
  7 goblins
  6 hobgoblins
  11 jackals
  2 quokkas
  8 bats
  A frilled lizard (D:3)
  7 kobolds
  12 rats
101 creatures vanquished.

Notes
Turn   | Place    | Note
-------+----------+-------------------------------------------
     0 | D:1      | danebombitumenja the Centaur Hunter began the quest for the Orb.
     0 | D:1      | Reached XP level 1. HP: 17/17 MP: 1/1
   506 | D:1      | Reached XP level 2. HP: 13/24 MP: 2/2
   690 | D:1      | Reached skill level 6 in Bows
  1036 | D:1      | Reached XP level 3. HP: 28/29 MP: 3/3
  2190 | D:2      | Reached XP level 4. HP: 37/37 MP: 4/4
  2242 | D:2      | Found a faded altar of an unknown god.
  2259 | D:2      | Reached skill level 7 in Bows
  3209 | D:3      | Found a hazy altar of Hepliaklqana.
  3772 | D:3      | Found a basalt altar of Yredelemnul.
  3775 | D:3      | Found a shattered altar of Ashenzari.
  3778 | D:3      | Found a shadowy altar of Dithmenos.
  3799 | D:3      | Found a hide-covered altar of Uskayaw.
  3856 | D:3      | Reached XP level 5. HP: 36/45 MP: 5/5
  3969 | D:3      | Found a runed door.
  3974 | D:3      | Noticed Crazy Yiuf
  3992 | D:3      | Killed Crazy Yiuf
  3992 | D:3      | Reached skill level 8 in Bows
  4344 | D:4      | Noticed an ogre
  4379 | D:4      | Killed an ogre
  4379 | D:4      | Reached XP level 6. HP: 43/52 MP: 6/6
  4856 | D:4      | Reached skill level 9 in Bows
  4999 | D:4      | Found a deep blue altar of Sif Muna.
  5043 | D:4      | Reached XP level 7. HP: 27/60 MP: 7/7
  5684 | D:4      | Mangled by an orc warrior

Skill      XL: |  1  2  3  4  5  6 |
---------------+-------------------+-----
Bows           | 6 7 8 9 |  9.8
Fighting       | 3 4 |  4.8
Dodging        | |  1.3
Stealth        | |  0.4

Action                   |  1- 3 |  4- 6 |  7- 9 || total
-------------------------+-------+-------+-------++-------
Melee: Short sword       |   178 |    89 |       ||   267
       Kick              |    35 |    52 |     2 ||    89
       Quarterstaff      |       |   147 |    17 ||   164
 Fire: Hunting sling     |     5 |       |       ||     5
       Shortbow          |       |    23 |       ||    23
  Use: Scroll            |       |     5 |     1 ||     6
 Stab: Confused          |       |     1 |       ||     1
       Petrifying        |       |     1 |       ||     1
       Petrified         |       |     1 |       ||     1
       Paralysed         |       |     1 |       ||     1
  Eat: Chunk             |     3 |     8 |     2 ||    13
Armor: Leather armour    |    44 |       |       ||    44
       Ring mail         |    39 |    36 |       ||    75
       Chain mail        |       |   164 |       ||   164
Dodge: Dodged            |    91 |    88 |     1 ||   180
